AoeStats
← gazza17

Arena

516351712Analyzed
4v4 RM · 12d ago on Oct 25, 2026· 54m 15s· 8 players
Game mode
Random Map
Map size
Large (8 player)
Population
200
Speed
Normal
Resources
Standard
Victory
Conquest
Starting age
Dark Age
Ending age
Imperial Age
RankedLock teamsTeams togetherTeam positionsShared explorationLock speedFull tech treeHidden civsTurbo modeCheats
Victory
Defeat
🇹🇼 Cumans · Taiwan
1091
+14
🇮🇹 Georgians · Italy
1064
+15
🇺🇸 Magyars · United States
1018
+17
🇮🇹 Aztecs · Italy
989
+19
vs
🇧🇪 Inca · Belgium
1082
-18
🇨🇴 Vikings · Colombia
1061
-17
🇬🇧 Shu · United Kingdom
1045
-16
🇧🇪 Hindustanis · Belgium
994
-14
alsteens.l
10:42 Feudal Age
11:45 Horse Collar
11:52 Double-Bit Axe
16:52 Castle Age
15:53 Stone Mining
16:00 Gold Mining
19:43 Wheelbarrow
18:54 Loom
21:12 Bow Saw
21:13 Heavy Plow
24:04 Hand Cart
30:25 Imperial Age
28:25 Caravan
28:44 Husbandry
28:55 Bloodlines
30:08 Forging
30:04 Scale Barding Armor
29:51 Fletching
30:05 Padded Archer Armor
31:54 Stone Shaft Mining
31:56 Gold Shaft Mining
32:10 Heavy Camel Rider
34:04 Chemistry
33:10 Siege Engineers
33:26 Ballistics
33:19 Masonry
33:20 Fortified Wall
33:07 Murder Holes
33:51 Iron Casting
33:37 Chain Barding Armor
33:08 Fletching
33:33 Leather Archer Armor
33:19 Scale Mail Armor
34:37 Fervor
34:32 Devotion
35:19 Theocracy
35:12 Illumination
35:05 Block Printing
35:18 Sanctity
35:43 Thumb Ring
35:10 Imperial Camel Rider
37:25 Conscription
37:07 Shatagni
37:10 Grand Trunk Road
39:15 Blast Furnace
39:20 Two-Man Saw
38:47 Light Cavalry
44:45 Hoardings
45:23 Ring Archer Armor
45:30 Plate Barding Armor
44:51 Bodkin Arrow
gazza17
11:11 Feudal Age
11:25 Loom
12:16 Double-Bit Axe
12:18 Horse Collar
16:22 Castle Age
15:19 Gold Mining
17:29 Bow Saw
17:15 Fletching
18:16 Heavy Plow
18:08 Crossbowman
21:00 Padded Archer Armor
24:52 Wheelbarrow
24:47 Ballistics
24:44 Bodkin Arrow
25:04 Leather Archer Armor
25:27 Stone Mining
27:03 Hand Cart
32:08 Imperial Age
30:23 Gold Shaft Mining
30:19 Leather Archer Armor
32:43 Arbalester
33:30 Thumb Ring
33:28 Bracer
33:58 Ring Archer Armor
33:42 Forging
34:42 Chemistry
33:33 Heated Shot
35:31 Elite Skirmisher
35:46 Capped Ram
38:53 Siege Ram
39:49 Bolt Magazine
40:10 Conscription
41:58 Elite White Feather Guard
42:48 Scale Barding Armor
42:46 Scale Mail Armor
44:42 Chain Mail Armor
49:20 Plate Mail Armor
49:29 Pikeman
50:09 Squires
49:54 Arson
52:37 Halberdier
Dovalle95
7:29 Loom
10:19 Feudal Age
12:32 Horse Collar
12:40 Double-Bit Axe
17:51 Castle Age
18:57 Bow Saw
23:53 Heavy Plow
24:46 Padded Archer Armor
24:37 Fletching
25:23 Crossbowman
29:14 Imperial Age
28:22 Leather Archer Armor
28:03 Bodkin Arrow
28:12 Scale Mail Armor
28:23 Forging
29:26 Gold Mining
29:27 Stone Mining
31:00 Arbalester
32:26 Ring Archer Armor
31:56 Bracer
32:12 Chain Mail Armor
32:33 Iron Casting
34:06 Ballistics
34:47 Chemistry
33:44 Murder Holes
38:04 Elite Skirmisher
39:11 Caravan
39:43 Pikeman
39:44 Elite Varangian Guard
41:56 Plate Mail Armor
42:27 Blast Furnace
44:51 Chieftains
44:52 Bogsveigar
vanherenthals.remy
11:58 Feudal Age
17:57 Castle Age
16:01 Champi Runner
16:25 Horse Collar
16:36 Double-Bit Axe
16:57 Arson
20:35 Squires
22:07 Heavy Plow
25:57 Champi Warrior
26:52 Forging
26:42 Scale Mail Armor
30:30 Chain Mail Armor
30:51 Iron Casting
30:43 Loom
30:51 Gold Mining
36:07 Imperial Age
35:42 Pikeman
37:38 Plate Mail Armor
38:42 Blast Furnace
38:39 Wheelbarrow
38:23 Bow Saw
40:59 Conscription
40:34 Elite Champi Warrior
Dejavu
10:46 Feudal Age
14:39 Castle Age
12:37 Horse Collar
15:18 Double-Bit Axe
15:46 Heavy Plow
21:01 Wheelbarrow
23:50 Hand Cart
24:03 Hand Cart
23:37 Loom
23:39 Town Watch
24:47 Bow Saw
26:55 Gold Mining
29:58 Imperial Age
29:31 Husbandry
29:42 Bloodlines
29:26 Fletching
29:36 Padded Archer Armor
29:58 Stone Mining
30:17 Bodkin Arrow
31:03 Ballistics
31:44 Chemistry
31:12 Parthian Tactics
32:35 Heavy Cavalry Archer
33:56 Leather Archer Armor
34:25 Conscription
34:41 Thumb Ring
36:28 Recurve Bow
37:36 Corvinian Army
39:06 Elite Magyar Huszar
40:02 Scale Barding Armor
42:45 Chain Barding Armor
42:11 Light Cavalry
43:02 Hussar
44:31 Plate Barding Armor
44:26 Town Patrol
46:47 Bracer
48:09 Gold Shaft Mining
49:59 Ring Archer Armor
Gianeh
11:37 Feudal Age
12:17 Double-Bit Axe
12:25 Gold Mining
12:42 Loom
13:34 Wheelbarrow
19:47 Castle Age
18:05 Horse Collar
18:35 Stone Mining
21:21 Bow Saw
22:58 Hand Cart
27:25 Scale Barding Armor
27:32 Forging
28:33 Chain Barding Armor
31:11 Imperial Age
30:04 Iron Casting
30:15 Heavy Plow
31:29 Bloodlines
31:19 Husbandry
32:48 Elite Monaspa
34:55 Plate Barding Armor
35:43 Aznauri Cavalry
35:59 Conscription
41:52 Blast Furnace
42:22 Caravan
NEMESI2.0
11:30 Feudal Age
12:14 Double-Bit Axe
17:40 Castle Age
15:40 Horse Collar
15:57 Gold Mining
16:21 Scale Mail Armor
19:28 Fervor
19:39 Squires
19:00 Eagle Warrior
21:36 Forging
22:16 Wheelbarrow
23:07 Redemption
30:26 Imperial Age
29:08 Chain Mail Armor
29:29 Iron Casting
29:04 Heavy Plow
29:16 Bow Saw
29:10 Stone Mining
31:45 Plate Mail Armor
31:47 Gambesons
33:07 Blast Furnace
32:30 Garland Wars
32:25 Elite Jaguar Warrior
45:08 Crop Rotation
48:58 Elite Eagle Warrior
49:24 Arson
51:30 Fletching
51:42 Padded Archer Armor
51:44 Atlatl
52:05 Conscription
Kuro
2:21 Loom
11:32 Feudal Age
12:56 Wheelbarrow
12:51 Double-Bit Axe
13:06 Horse Collar
22:33 Castle Age
20:39 Gold Mining
21:40 Bloodlines
22:29 Scale Barding Armor
22:34 Forging
24:06 Chain Barding Armor
24:04 Bow Saw
23:56 Heavy Plow
26:16 Iron Casting
32:10 Imperial Age
32:02 Steppe Husbandry
33:15 Conscription
33:54 Crop Rotation
34:08 Elite Steppe Lancer
37:32 Light Cavalry
39:27 Blast Furnace
39:03 Plate Barding Armor
49:37 Town Watch
50:17 Hand Cart
50:12 Hussar
53:29 Caravan
Connection lost

Rejoining the realm…

Still unreachable

The connection could not be restored.

Session expired

The server has moved on; the page needs a fresh start.